 Dungeon Crawl Stone Soup version 0.30-a0-782-ge64f9170bb (webtiles) character file.

Game seed: 16314694019861053264

17 Leeroy the Ruffian (level 2, 0/24 HPs)
             Began as a Vine Stalker Berserker on Feb 23, 2023.
             Was a Follower of Trog.
             Slain by Robin
             ... wielding a +0 trident
              (4 damage)
             ... on level 2 of the Dungeon.
             The game lasted 00:01:28 (958 turns).

Leeroy the Ruffian (Vine Stalker Berserker)          Turns: 958, Time: 00:01:29

Health: 0/24       AC:  3    Str: 19    XL:     2   Next: 62%
Magic:  0/5        EV: 12    Int:  7    God:    Trog [*.....]
Gold:   53         SH:  0    Dex: 13    Spells: 3/3 levels left

rFire   . . .      SeeInvis .      - Unarmed
rCold   . . .      Faith    .    (no shield)
rNeg    . . .      Spirit   +    a - +0 animal skin
rPois   .          Reflect  .    e - +0 helmet
rElec   .          Harm     .    (no cloak)
rCorr   .          Rampage  .    (no gloves)
Will    .....                    (no boots) Stlth
                                 (no amulet)
HPRegen 0.24/turn                (no ring)
MPRegen 0.09/turn                (no ring)

@: berserking (expiring), very quick
A: fangs 2, magic shield, antimagic bite, no potion heal 2
a: Renounce Religion, Berserk


You were on level 2 of the Dungeon.
You worshipped Trog.
Trog was aware of your devotion.
You visited 1 branch of the dungeon, and saw 2 of its levels.

You collected 53 gold pieces.

Inventory:

Armour
 a - a +0 animal skin (worn)
 e - a +0 helmet (worn)
Scrolls
 b - a scroll of magic mapping {unknown}
 c - a scroll of amnesia {unknown}
 f - 2 scrolls of noise {unknown}
Potions
 d - a potion of flight {unknown}
 g - a potion of ambrosia {unknown}
 h - a potion of degeneration {unknown}


   Skills:
 - Level 2.6 Fighting
 + Level 0.2 Polearms
 - Level 1.5 Armour
 - Level 1.5 Dodging
 - Level 3.3 Unarmed Combat
 * Level 1.3 Spellcasting


You had 3 spell levels left.
You didn't know any spells.
Your spell library was empty.

Dungeon Overview and Level Annotations

Branches:
Dungeon (2/15)

Altars:

Annotations:
D:2 Robin


Innate Abilities, Weirdness & Mutations

You have extremely sharp teeth.
When hurt, damage is shared between your health and your magic reserves.
Your bite disrupts and absorbs the magic of your enemies.
Potions cannot restore your health.


Message History

Trog does not appreciate your training of magic skills!
You feel a little guilty.
You punch the goblin!
You kill the goblin!
Trog accepts your kill.
Robin laughs in a distinctly smug fashion.
The goblin hits you but does no damage. The hobgoblin barely misses you. x2
Trog does not appreciate your training of magic skills!
You feel a little guilty.
You punch the goblin!
You kill the goblin!
Trog accepts your kill. Robin throws the goblin at you!
The hobgoblin barely misses you. The goblin hits you with a +0 club.
The goblin hits you with a +0 dagger. The hobgoblin barely misses you.
Trog does not appreciate your training of magic skills!
You feel a little guilty.
You are too injured to fight recklessly!
You are too injured to fight recklessly!
You are too injured to fight recklessly!
You are too injured to fight recklessly!
You are too injured to fight recklessly!
You are too injured to fight recklessly!
You are too injured to fight recklessly!
You are too injured to fight recklessly!
You punch the goblin!
You kill the goblin!
Trog accepts your kill.
Trog does not appreciate your training of magic skills!
You feel a little guilty.
You punch the hobgoblin!
You kill the hobgoblin!
Trog accepts your kill. The hobgoblin completely misses you.
The goblin hits you with a +0 club.
* * * LOW HITPOINT WARNING * * *
The hobgoblin hits you.
* * * LOW HITPOINT WARNING * * *
The goblin barely misses you.
Robin hits you from afar with a +0 trident.
You die...

...............
.......?........
................
................
................
................
...)...g)g......
#......g@.......
#....rg†.....#.
#####gg#######
..gg. #......
#.......
#........
#.....####
#.#g..#


You could see Robin, a quokka, 2 hobgoblins and 5 goblins.

Vanquished Creatures
  2 endoplasms (D:1)
  2 giant cockroaches (D:1)
  4 goblins
  2 hobgoblins
  A quokka (D:1)
  A ball python (D:1)
  2 bats (D:1)
  A kobold (D:2)
  A rat (D:1)
16 creatures vanquished.

Notes
Turn   | Place    | Note
-------+----------+-------------------------------------------
     0 | D:1      | Leeroy the Vine Stalker Berserker began the quest for the
                  | Orb.
     0 | D:1      | Reached XP level 1. HP: 11/11 MP: 2/2
   680 | D:1      | Reached XP level 2. HP: 16/16 MP: 3/3
   928 | D:2      | Noticed Robin
   939 | D:1      | Reached skill level 1 in Spellcasting
   958 | D:2      | Slain by Robin

Illustrated notes

Levels and vault maps discovered:
D:1:      heliophobic_arrival_battle_scene, layout_basic
D:2:      layout_rooms, shapermc_ecumenical_altar_hornbeckon, uniq_robin

Skill      XL: |  1  2 |
---------------+-------+-----
Spellcasting   | 1 |  1.3
Fighting       | |  2.6
Polearms       | |  0.2
Armour         | |  1.5
Dodging        | |  1.5
Unarmed Combat | |  3.3

Action                     || total
---------------------------++-------
  Melee: Unarmed           ||    51
         Bite              ||     8
         Punch             ||     1
 Invoke: Berserk           ||     1
 Armour: Animal skin       ||    14
  Dodge: Dodged            ||    47

Table legend: (Time is in decaauts)
 A = Elapsed time spent in this place.
 B = Non-inter-level travel time spent in this place.
 C = Inter-level travel time spent in this place.
 D = Time resting spent in this place.
 E = Time spent auto-exploring this place.
 F = Levels seen in this place.
 G = Mean time per level.
                   A        B        C        D        E       F      G
               +--------+--------+--------+--------+--------+-----+--------+
         Total |    954 |    914 |     40 |     11 |    782 |   2 |  477.0 |
       Dungeon |    954 |    914 |     40 |     11 |    782 |   2 |  477.0 |
               +--------+--------+--------+--------+--------+-----+--------+

Top non-repeatable levels by time:
     D:1: 944 daAuts
     D:2: 10 daAuts
